AoeStats
← qwyt

MegaRandom

506335865Analyzed
1v1 RM · 19d ago on Sep 13, 2026· 44m 3s· 2 players
Game mode
Random Map
Map size
Tiny (2 player)
Population
200
Speed
Normal
Resources
Standard
Victory
Conquest
Starting age
Dark Age
Ending age
Imperial Age
RankedLock teamsTeams togetherTeam positionsShared explorationLock speedFull tech treeHidden civsTurbo modeCheats
Victory
Defeat
🇦🇺 Lithuanians · Australia
1702
+12
🇱🇹 Lithuanians · Lithuania
1607
-12
WakoTabacco
9:53 Feudal Age
8:14 Loom
10:57 Double-Bit Axe
12:46 Horse Collar
15:25 Wheelbarrow
18:57 Castle Age
18:42 Fletching
19:20 Crossbowman
22:25 Bow Saw
22:16 Heavy Plow
24:49 Hand Cart
25:25 Town Watch
32:56 Husbandry
33:07 Bloodlines
33:00 Light Cavalry
36:56 Imperial Age
35:36 Scale Barding Armor
35:55 Bodkin Arrow
36:17 Forging
38:09 Conscription
38:21 Chain Barding Armor
38:28 Devotion
40:01 Plate Barding Armor
40:01 Bracer
41:58 Iron Casting
40:58 Winged Hussar
41:58 Padded Archer Armor
41:51 Elite Leitis
42:55 Scale Mail Armor
42:57 Squires
42:56 Pikeman
43:51 Guilds
44:35 Chain Mail Armor
qwyt
8:14 Loom
11:37 Feudal Age
16:24 Castle Age
16:41 Double-Bit Axe
21:21 Horse Collar
26:57 Town Watch
28:08 Wheelbarrow
39:45 Imperial Age
38:59 Forging
39:18 Fletching
40:18 Bloodlines
41:57 Iron Casting
43:05 Husbandry
Connection lost

Rejoining the realm…

Still unreachable

The connection could not be restored.

Session expired

The server has moved on; the page needs a fresh start.